[Event "Titled Tuesday Blitz December 13 Early 2022"]
[White "Sovetbekova, Nurai"]
[Black "Bettalli, Francesco"]
[WhiteFideId "13801910"]
[BlackFideId "2816453"]
[WhiteElo "1925"]
[BlackElo "2216"]
[Result "0-1"]
[Round "08"]
[TimeControl "180+1"]
[Date "2022.12.14"]
[WhiteClock "0:00:01"]
[BlackClock "0:01:06"]

1. d4 e5 2. dxe5 Nc6 3. Nf3 Qe7 4. e3 Nxe5 5. Be2 Nf6 6. c4 b6 7. Nxe5 Qxe5 8. Bf3 Rb8 9. Nc3 Bb4 10. Bd2 O-O 11. a3 Be7 12. Nb5 c6 13. Bc3 Qf5 14. Nd4 Qg6 15. O-O a6 16. b4 Ne4 17. Bb2 d5 18. Rc1 c5 19. Nb3 cxb4 20. axb4 Bxb4 21. cxd5 Nc5 22. Nd4 Bd7 23. Qe2 Nd3 24. Rb1 Nxb2 25. Rxb2 Bc3 26. Rc2 Bxd4 27. exd4 Bb5 28. Qd2 Bxf1 29. Kxf1 Rbc8 30. Rb2 b5 31. g3 Rc4 32. Qf4 Rfc8 33. d6 Qf6 34. Qxf6 gxf6 35. Bb7 Rd8 36. Bxa6 Rxd4 37. Rxb5 R8xd6 38. Rb8+ Kg7 39. Be2 f5 40. Rb5 f4 41. Rg5+ Kf6 42. Rh5 fxg3 43. hxg3 Kg7 44. Rg5+ Rg6 45. Rxg6+ fxg6 46. Kg2 h5 47. Bf3 Kf6 48. Bc6 Kg5 49. Be8 Rd8 50. Bf7 Rd3 51. Be8 Rc3 52. Bf7 Kh6 53. Be8 g5 54. Bf7 h4 55. Be6 Kg6 56. Bd7 Kf6 57. Bg4 Ke5 58. Bh3 Kd4 59. Bf5 Ra3 60. Bc8 Kc3 61. gxh4 gxh4 62. Kh3 Ra8 63. Bg4 Rh8 64. f4 Kd4 65. f5 Ke5 66. f6 Kxf6 67. Bf3 Kg5 68. Bg4 Kf4 69. Bd7 Kg5 70. Be6 Rd8 71. Kg2 Rd3 72. Bh3 Rg3+ 73. Kh2 Kf4 74. Bc8 Ra3 75. Be6 Rc3 76. Bd7 Rc2+ 77. Kh3 Rc1 78. Kxh4 Rh1+ 79. Bh3 Ra1 80. Kh5 Rh1 81. Kh4 Rh2 82. Kh5 Rxh3+ 0-1


[Site "https://www.chess.com"]

[Event "Titled Tuesday Blitz December 13 Early 2022"]
[White "Steinberg, Nitzan"]
[Black "Movahed, Sina"]
[WhiteFideId "2801795"]
[BlackFideId "42520835"]
[WhiteElo "2491"]
[BlackElo "2225"]
[Result "0-1"]
[Round "08"]
[TimeControl "180+1"]
[Date "2022.12.13"]
[WhiteClock "0:00:01"]
[BlackClock "0:00:49"]

1. Nf3 Nf6 2. g3 g6 3. Bg2 Bg7 4. O-O O-O 5. c4 d6 6. d4 Nbd7 7. Nc3 e5 8. Qc2 exd4 9. Nxd4 Nb6 10. b3 c5 11. Ndb5 a6 12. Na3 Bf5 13. Qd2 d5 14. cxd5 Nfxd5 15. Nxd5 Bxa1 16. Nxb6 Qxb6 17. Nc4 Qf6 18. Bxb7 Rad8 19. Qh6 Rd7 20. Bf3 Bd4 21. Ba3 Re8 22. Bc1 Be4 23. Bg4 Rd5 24. Be3 Bxe3 25. Nxe3 Rd4 26. Rc1 Bc6 27. Bh3 Bd7 28. Bg2 Qd6 29. Qg5 h6 30. Qxh6 Rd2 31. Bf3 Qd4 32. Kg2 Bb5 33. h4 Bxe2 34. h5 Bxf3+ 35. Kg1 Rxe3 36. Qxe3 Rd1+ 37. Kh2 Qxe3 0-1


[Site "https://www.chess.com"]

[Event "Titled Tuesday Blitz December 13 Early 2022"]
[White "Szyszylo, Rafal"]
[Black "Klepikov, Nikita"]
[WhiteFideId "1109626"]
[BlackFideId "24145220"]
[WhiteElo "1981"]
[BlackElo "2025"]
[Result "1-0"]
[Round "08"]
[TimeControl "180+1"]
[Date "2022.12.14"]
[WhiteClock "0:00:09"]
[BlackClock "0:00:01"]

1. e4 c5 2. Nf3 Nc6 3. Bb5 e6 4. O-O Nge7 5. Re1 Ng6 6. c3 Be7 7. d4 cxd4 8. cxd4 d5 9. e5 O-O 10. Nc3 f6 11. exf6 Bxf6 12. Na4 Nh4 13. Nxh4 Bxh4 14. g3 Be7 15. Bxc6 bxc6 16. Bf4 Bb4 17. Re2 Qf6 18. Rc1 Ba6 19. Rec2 Bb5 20. Nc5 Bxc5 21. Rxc5 Rac8 22. a4 Bc4 23. b3 Ba6 24. Rxc6 Bb7 25. R6c5 Rxc5 26. Rxc5 Rc8 27. Be5 Qd8 28. Qg4 Qd7 29. Ra5 a6 30. b4 Rc1+ 31. Kg2 Rc2 32. b5 Qd8 33. Qxg7# 1-0


[Site "https://www.chess.com"]

[Event "Titled Tuesday Blitz December 13 Early 2022"]
[White "Tarasova, Viktoriya"]
[Black "Lehtosaari, Mauri"]
[WhiteFideId "4175840"]
[BlackFideId "501999"]
[WhiteElo "2182"]
[BlackElo "2509"]
[Result "1/2-1/2"]
[Round "08"]
[TimeControl "180+1"]
[Date "2022.12.14"]
[WhiteClock "0:00:05"]
[BlackClock "0:00:09"]

1. d4 d5 2. c4 c6 3. Nf3 Nf6 4. Nc3 dxc4 5. a4 Bf5 6. Ne5 Nbd7 7. Nxc4 Nb6 8. Ne5 a5 9. f3 Nfd7 10. Nxd7 Nxd7 11. e4 Bg6 12. Be3 e5 13. dxe5 Bc5 14. Bxc5 Nxc5 15. Be2 Qe7 16. O-O Rd8 17. Qc2 Qxe5 18. Rad1 Rxd1 19. Qxd1 Ne6 20. Kh1 O-O 21. Bc4 Rd8 22. Qc1 Qf4 23. Qxf4 Nxf4 24. Rd1 Rxd1+ 25. Nxd1 Kf8 26. g3 Ne6 27. Kg2 Nc5 28. Nc3 f6 29. Kf2 Ke7 30. Ke3 Kd6 31. f4 Be8 32. Kd4 b6 33. Ba2 Nd7 34. Bg8 h6 35. Bc4 g5 36. Ba2 Bh5 37. Bc4 Bf3 38. Ke3 Bg2 39. Kd4 h5 40. Ba2 h4 41. Bf7 Ke7 42. Bg8 Bh3 43. Ba2 Be6 44. Bxe6 Kxe6 45. Nd1 Nb8 46. Nc3 Na6 47. Ke3 Nb4 48. Kd4 Nc2+ 49. Kd3 Ne1+ 50. Ke2 Nc2 51. Kd3 Nb4+ 52. Ke3 Kd6 53. Kd4 hxg3 54. hxg3 Na6 55. e5+ Ke6 56. exf6 Kxf6 57. fxg5+ Kxg5 58. Ne4+ Kg4 59. Ke5 b5 60. axb5 cxb5 61. Nd6 b4 62. Kd4 a4 63. Kc4 a3 64. Kb3 axb2 65. Kxb2 Kxg3 66. Kb3 Kf4 67. Nc4 Ke4 68. Nb2 Kd4 69. Na4 Kd3 70. Nb6 Kd4 71. Na4 Kd5 72. Nb6+ Kc5 73. Na4+ Kb5 74. Nb2 Nc5+ 75. Kc2 Na4 76. Nd3 Nb6 77. Nxb4 1/2-1/2


[Site "https://www.chess.com"]

[Event "Titled Tuesday Blitz December 13 Early 2022"]
[White "Tarlabasi, Emirhan"]
[Black "Salman, Pavel"]
[WhiteFideId "6350275"]
[BlackFideId "24153753"]
[WhiteElo "2200"]
[BlackElo "2187"]
[Result "0-1"]
[Round "08"]
[TimeControl "180+1"]
[Date "2022.12.14"]
[WhiteClock "0:01:39"]
[BlackClock "0:00:38"]

1. Nf3 c5 2. c4 e6 3. b3 b6 4. Bb2 Bb7 5. g3 Nf6 6. Bg2 Be7 7. O-O O-O 8. d4 cxd4 9. Qxd4 d6 10. Nc3 a6 11. Rfd1 Nbd7 12. Rac1 Qc7 13. Qd2 Rac8 14. h3 Qb8 15. Ng5 Bxg2 16. Kxg2 h6 17. Nge4 Nxe4 18. Nxe4 Qb7 19. f3 Rc6 20. Qd4 Nf6 21. Rd2 b5 22. cxb5 axb5 23. Rxc6 Qxc6 24. Nxf6+ Bxf6 25. Qf4 Bxb2 26. Rxb2 d5 27. a4 Qc3 28. Qd2 Qxd2 29. Rxd2 bxa4 30. bxa4 Ra8 31. Ra2 Kf8 32. Kf2 Ke7 33. Ke3 Kd6 34. Kd3 Ra7 35. f4 Kc5 36. Kc3 f6 37. e3 e5 38. fxe5 fxe5 39. g4 g5 40. Ra1 Ra6 41. Kb3 d4 42. exd4+ Kxd4 43. Kb4 e4 44. Kb5 Ra8 45. a5 e3 46. Rd1+ Ke4 47. Rd6 e2 48. Rxh6 Re8 0-1


[Site "https://www.chess.com"]

[Event "Titled Tuesday Blitz December 13 Early 2022"]
[White "Tarnowska, Aleksandra"]
[Black "Bashirli, Saadat"]
[WhiteFideId "1180967"]
[BlackFideId "13429990"]
[WhiteElo "1776"]
[BlackElo "1408"]
[Result "1-0"]
[Round "08"]
[TimeControl "180+1"]
[Date "2022.12.14"]
[WhiteClock "0:00:24"]
[BlackClock "0:00:08"]

1. e4 c5 2. Nf3 g6 3. c4 Bg7 4. d4 cxd4 5. Nxd4 Nc6 6. Nb3 e6 7. Nc3 a6 8. Be3 Nge7 9. Be2 O-O 10. O-O Nb4 11. a3 Nbc6 12. c5 f5 13. exf5 Nxf5 14. Qd2 Nxe3 15. Qxe3 d5 16. cxd6 Qxd6 17. Rad1 Qe7 18. Rfe1 b5 19. Bf3 Qc7 20. Qe4 Bb7 21. Qxe6+ Kh8 22. Nd5 Qf7 23. Qxf7 Rxf7 24. Nc5 Bxb2 25. Nxb7 Rxb7 26. Nb4 Nxb4 27. Bxb7 Rb8 28. axb4 Rxb7 29. Re6 Bc3 30. Rb1 a5 31. bxa5 Bxa5 32. Re5 Bc3 33. Rexb5 Rd7 34. Rb8+ Kg7 35. R1b7 Rf7 36. Rxf7+ Kxf7 37. Rb7+ Kg8 38. g3 Be5 39. Kg2 Bd4 40. f4 Bf6 41. Kf3 Bd4 42. g4 Bf6 43. h3 Bd4 44. f5 Bf6 45. Kf4 Bc3 46. fxg6 hxg6 47. Kg5 Bd2+ 48. Kxg6 Kf8 49. h4 Ke8 50. h5 Kf8 51. h6 Bc3 52. h7 Ke8 53. Rb8+ Ke7 54. h8=Q Bxh8 55. Rxh8 Ke6 56. Rf8 Kd7 57. Kf7 Kd6 58. g5 Kc7 59. g6 Kc6 60. g7 Kd6 61. g8=Q Kc6 62. Qg5 Kd6 63. Rg8 Kc7 64. Kg7 Kd6 65. Kh7 Kc7 66. Rg6 Kd7 67. Qf5+ Kc7 68. Qf7+ Kd8 69. Rg8# 1-0


[Site "https://www.chess.com"]

[Event "Titled Tuesday Blitz December 13 Early 2022"]
[White "Tharushi, T H D Niklesha"]
[Black "Clawitter, Craig"]
[WhiteFideId "9918264"]
[BlackFideId "2023105"]
[WhiteElo "1596"]
[BlackElo "2190"]
[Result "0-1"]
[Round "08"]
[TimeControl "180+1"]
[Date "2022.12.14"]
[WhiteClock "0:00:23"]
[BlackClock "0:00:04"]

1. e4 e6 2. d4 d5 3. exd5 exd5 4. c3 Bd6 5. Bd3 Nc6 6. Nf3 Bg4 7. O-O Nge7 8. h3 Bh5 9. Bg5 f6 10. Bh4 Qd7 11. Nbd2 O-O-O 12. Qc2 g5 13. Bg3 Bxg3 14. fxg3 g4 15. Nh4 gxh3 16. Rxf6 hxg2 17. Bf5 Nxf5 18. Qxf5 Qxf5 19. Rxf5 Bg4 20. Rg5 Rhg8 21. Rxg8 Rxg8 22. Kxg2 Kd7 23. Rf1 Ne7 24. Rf7 h5 25. Ndf3 Ke6 26. Ne5 Rg5 27. Rf8 c6 28. Rb8 Nf5 29. Re8+ Kd6 30. Nf7+ Kd7 31. Nxf5 Rxf5 32. Rf8 Ke7 33. Rb8 Rxf7 34. Rxb7+ Ke6 35. Rb8 Kd6 36. Rd8+ Kc7 37. Ra8 Kb7 38. Rg8 Rf3 39. Rg7+ Kb6 40. a4 a5 41. Rg6 Rd3 42. b4 axb4 43. cxb4 Rxd4 44. b5 Rc4 45. Kf2 Bd1 46. Ke3 Bxa4 47. bxc6 Bxc6 48. Rg5 h4 49. gxh4 Rxh4 50. Kd3 Rc4 51. Kd2 Kc5 52. Kd3 Ra4 53. Kc3 Ra3+ 54. Kb2 Rh3 55. Kc2 Kc4 56. Rg4+ d4 57. Kd2 Ba4 58. Ke2 Ra3 59. Kf2 Ra2+ 60. Kf3 Bd1+ 61. Ke4 Bxg4 62. Ke5 d3 63. Kf6 d2 64. Kg5 Bf5 65. Kh6 d1=Q 66. Kg7 Qg4+ 67. Kf6 Ra6+ 68. Ke5 Qe4# 0-1


[Site "https://www.chess.com"]

[Event "Titled Tuesday Blitz December 13 Early 2022"]
[White "Thiel, Thomas"]
[Black "Herman, Daniel"]
[WhiteFideId "4615964"]
[BlackFideId "30935008"]
[WhiteElo "2209"]
[BlackElo "1897"]
[Result "0-1"]
[Round "08"]
[TimeControl "180+1"]
[Date "2022.12.14"]
[WhiteClock "0:00:59"]
[BlackClock "0:00:36"]

1. e4 e6 2. d4 c5 3. Nf3 cxd4 4. Nxd4 a6 5. g3 d5 6. Bg2 dxe4 7. Nc3 f5 8. O-O Nf6 9. Bg5 Be7 10. f3 exf3 11. Bxf3 e5 12. Nb3 Qxd1 13. Raxd1 e4 14. Bxf6 Bxf6 15. Nd5 Bd8 16. Be2 Be6 17. c4 Nc6 18. Nc5 Bxd5 19. Rxd5 Bb6 20. Rdxf5 O-O-O 21. Bg4 Kb8 22. Kg2 Rd2+ 23. R1f2 Rxf2+ 24. Kxf2 Nd4 25. Nd7+ Ka7 26. Rd5 Nc6+ 27. Nxb6 Kxb6 28. Rd7 Ne5 29. Rd6+ Kc7 0-1


[Site "https://www.chess.com"]

[Event "Titled Tuesday Blitz December 13 Early 2022"]
[White "Thorhallsson, Simon"]
[Black "Estrada Nieto, Julian"]
[WhiteFideId "2310090"]
[BlackFideId "5101018"]
[WhiteElo "2108"]
[BlackElo "2195"]
[Result "0-1"]
[Round "08"]
[TimeControl "180+1"]
[Date "2022.12.14"]
[WhiteClock "0:00:55"]
[BlackClock "0:00:50"]

1. Nf3 d5 2. g3 Nf6 3. Bg2 c6 4. O-O Bg4 5. h3 Bh5 6. d4 Nbd7 7. c4 e6 8. cxd5 exd5 9. Ne5 Bg6 10. Nc3 Bb4 11. f4 Bxc3 12. bxc3 Be4 13. Ba3 Qa5 14. Qb3 Qb5 15. Qxb5 cxb5 16. Bd6 Bxg2 17. Kxg2 Ne4 18. Ba3 Nb6 19. Bb4 a5 20. Bc5 Na4 21. f5 Rc8 22. f6 gxf6 23. Ng4 Rc6 24. Rf4 Naxc5 25. dxc5 Rxc5 26. Rd1 O-O 27. Nxf6+ Nxf6 28. Rxf6 Re8 29. Kf2 Rxc3 30. Rxd5 Rc2 31. Rxb5 Rexe2+ 32. Kf3 Rf2+ 0-1


[Site "https://www.chess.com"]

[Event "Titled Tuesday Blitz December 13 Early 2022"]
[White "Timofeev, Artyom"]
[Black "Lazavik, Denis"]
[WhiteFideId "4140419"]
[BlackFideId "13515110"]
[WhiteElo "2586"]
[BlackElo "2484"]
[Result "1-0"]
[Round "08"]
[TimeControl "180+1"]
[Date "2022.12.13"]
[WhiteClock "0:00:55"]
[BlackClock "0:00:02"]

1. d4 Nf6 2. Nc3 d5 3. Bf4 a6 4. e3 e6 5. g4 Bb4 6. Bd3 c5 7. g5 Nfd7 8. a3 Bxc3+ 9. bxc3 Nc6 10. Nf3 Qa5 11. Qd2 b5 12. h4 Bb7 13. a4 b4 14. cxb4 Nxb4 15. O-O Nc6 16. Rfb1 Qxd2 17. Nxd2 Nb4 18. dxc5 a5 19. Bb5 Nc6 20. c4 O-O 21. Bd6 Rfc8 22. cxd5 exd5 23. Nf3 Nf8 24. Nd4 Nb4 25. Rc1 Ba6 26. c6 Ne6 27. Bxb4 axb4 28. Nxe6 fxe6 29. Rab1 Rc7 30. Rxb4 Bc8 31. f4 Kf7 32. Kf2 Ke7 33. e4 Kd6 34. e5+ Ke7 35. Ke3 Rca7 36. Kd4 Kd8 37. h5 Kc7 38. Kc5 Ra5 39. g6 h6 40. Rf1 Rb8 41. Rbb1 Rb6 42. Kd4 Ba6 43. f5 exf5 44. Rxf5 Bxb5 45. axb5 Rbxb5 46. Rxb5 Rxb5 47. Rf7+ Kxc6 48. Rxg7 Rb4+ 49. Kd3 Rh4 50. Rg8 Rxh5 51. g7 Kb7 52. Re8 1-0


[Site "https://www.chess.com"]

[Event "Titled Tuesday Blitz December 13 Early 2022"]
[White "Todorovic, Bojan"]
[Black "Mikhailovsky, Vladimir"]
[WhiteFideId "917087"]
[BlackFideId "34105414"]
[WhiteElo "2266"]
[BlackElo "2295"]
[Result "1/2-1/2"]
[Round "08"]
[TimeControl "180+1"]
[Date "2022.12.14"]
[WhiteClock "0:00:06"]
[BlackClock "0:00:40"]

1. d4 e5 2. dxe5 Nc6 3. Nf3 Nge7 4. Nc3 Ng6 5. Bg5 Be7 6. Bxe7 Qxe7 7. Nd5 Qd8 8. e4 O-O 9. Be2 Ncxe5 10. Nxe5 Nxe5 11. O-O d6 12. f4 Nd7 13. Qd4 Nc5 14. Bf3 Be6 15. Rad1 Bxd5 16. Qxd5 a5 17. e5 Qe7 18. Rfe1 Ra6 19. exd6 Qxd6 20. Qxd6 cxd6 21. Re7 Rb6 22. b3 a4 23. Bd5 g6 24. Rde1 Kg7 25. Rc7 axb3 26. axb3 Rb4 27. Bc4 b5 28. c3 Rxc4 29. bxc4 bxc4 30. Rc6 Ra8 31. Rxd6 Ra3 32. Rc6 Nd3 33. Rf1 Rxc3 34. f5 Ne5 35. f6+ Kh6 36. Rc5 Re3 37. h3 Kg5 38. Kh2 h5 39. Rc1 Kxf6 40. Rf1+ Kg7 41. Rc7 h4 42. Rf4 g5 43. Rf5 Kg6 44. Rxe5 Rxe5 45. Rxc4 f6 46. Rd4 Rc5 47. Re4 Rc2 48. Rd4 Rc1 49. Rb4 Rd1 50. Ra4 Rb1 51. Rc4 f5 52. Rc6+ Kf7 53. Rd6 g4 54. hxg4 fxg4 55. Rc6 Kg7 56. Rc4 g3+ 57. Kh3 Rh1+ 58. Kg4 Kf6 59. Rc6+ Ke5 60. Rh6 Rh2 61. Rxh4 Rxg2 62. Rh3 Ke4 63. Rxg3 Rxg3+ 64. Kxg3 1/2-1/2


[Site "https://www.chess.com"]

[Event "Titled Tuesday Blitz December 13 Early 2022"]
[White "Tomaszewski, Kacper"]
[Black "Koellner, Ruben Gideon"]
[WhiteFideId "1127373"]
[BlackFideId "12993093"]
[WhiteElo "2211"]
[BlackElo "2303"]
[Result "1/2-1/2"]
[Round "08"]
[TimeControl "180+1"]
[Date "2022.12.14"]
[WhiteClock "0:00:06"]
[BlackClock "0:00:10"]

1. Nf3 Nf6 2. c4 e6 3. Nc3 d5 4. d4 Be7 5. Bg5 h6 6. Bxf6 Bxf6 7. cxd5 exd5 8. e3 c6 9. Bd3 O-O 10. O-O Be7 11. Qc2 Nd7 12. Rac1 Bd6 13. Rfe1 Nf6 14. h3 Re8 15. Nd2 Be6 16. Qb1 Qe7 17. Na4 Rad8 18. Nc5 Bc8 19. b4 b6 20. Na6 Bxa6 21. Bxa6 Bxb4 22. Red1 c5 23. dxc5 bxc5 24. Bb5 Rf8 25. Nf3 Qe4 26. Qxe4 Nxe4 27. Bc6 Nc3 28. Rd2 Rd6 29. a3 Rxc6 30. axb4 cxb4 31. Nd4 Rb6 32. Ra1 Ra8 33. Ra5 b3 34. Rb2 Nd1 35. Rxb3 Rxb3 36. Nxb3 Nc3 37. Rc5 Ne4 38. Rxd5 Rb8 39. Nd2 Nc3 40. Ra5 Rb2 41. Nc4 Rb7 42. Ne5 Rb5 43. Rxb5 Nxb5 44. Kf1 Kf8 45. Ke2 Ke7 46. Kd3 Ke6 47. Nc6 Kd6 48. Na5 Kc5 49. e4 Kb4 50. Nc6+ Kc5 51. Na5 f6 52. f4 Nd6 53. g4 Kb5 54. Nb3 Kb4 55. Nd4 a5 56. e5 fxe5 57. fxe5 Ne8 58. Nc6+ Kb5 59. Nd4+ Kc5 60. Ke4 a4 61. h4 Kc4 62. Nc2 Kb3 63. Nd4+ Kc3 64. Nb5+ Kb4 65. Nd4 Kc4 66. Nc2 Kc3 67. Na3 Kb3 68. Nb5 a3 69. Nxa3 Kxa3 70. Kf5 Kb4 71. Kg6 Kc5 72. Kf7 Kd5 73. e6 g5 74. hxg5 hxg5 75. e7 Nd6+ 76. Kf6 Ne8+ 77. Kxg5 Ke6 78. Kg6 Kxe7 79. Kh7 Kf8 80. g5 Kf7 81. g6+ Kf6 82. g7 Nxg7 1/2-1/2


[Site "https://www.chess.com"]

[Event "Titled Tuesday Blitz December 13 Early 2022"]
[White "Turzo, Attila"]
[Black "Valle Maytin, Luis Enrique"]
[WhiteFideId "704954"]
[BlackFideId "3503666"]
[WhiteElo "2568"]
[BlackElo "2225"]
[Result "1-0"]
[Round "08"]
[TimeControl "180+1"]
[Date "2022.12.14"]
[WhiteClock "0:00:43"]
[BlackClock "0:00:02"]

1. d4 Nf6 2. c4 e6 3. Nf3 b6 4. g3 Bb7 5. Bg2 Be7 6. O-O O-O 7. Nc3 d5 8. cxd5 Nxd5 9. Bf4 Nd7 10. Rc1 c5 11. dxc5 Nxc5 12. Nxd5 Bxd5 13. Ne5 Bxg2 14. Kxg2 Bf6 15. b3 Bxe5 16. Bxe5 Qxd1 17. Rfxd1 Rfd8 18. Kf3 f5 19. Ke3 g6 20. f3 Kf8 21. Bd6+ Ke8 22. Bxc5 Rxd1 23. Rxd1 bxc5 24. Rd6 Ke7 25. Rc6 a5 26. Rxc5 h5 27. a4 Rb8 28. Rb5 Rc8 29. Kd2 Ra8 30. f4 Ra6 31. h4 Kd6 32. Kd3 Ke7 33. e4 Kd6 34. e5+ Kc6 35. Kc4 Ra8 36. b4 axb4 37. Kxb4 Ra7 38. Rc5+ Kb6 39. a5+ Kb7 40. Kb5 Ra8 41. Rc6 Re8 42. Rd6 Ka7 43. Rd7+ Ka8 44. Ka6 Rc8 45. Rg7 Rc6+ 46. Kb5 Rc8 47. Rxg6 1-0


[Site "https://www.chess.com"]

[Event "Titled Tuesday Blitz December 13 Early 2022"]
[White "Urazayev, Arystanbek"]
[Black "Terzi, Alexei"]
[WhiteFideId "13709810"]
[BlackFideId "13505076"]
[WhiteElo "2463"]
[BlackElo "2172"]
[Result "1-0"]
[Round "08"]
[TimeControl "180+1"]
[Date "2022.12.14"]
[WhiteClock "0:00:55"]
[BlackClock "0:00:12"]

1. e4 c5 2. Nf3 Nc6 3. Bb5 g6 4. O-O Bg7 5. c3 Nf6 6. e5 Nd5 7. d4 cxd4 8. cxd4 O-O 9. Nc3 Nc7 10. Bf4 Nxb5 11. Nxb5 a6 12. Nc3 d6 13. exd6 exd6 14. d5 Ne5 15. Nxe5 dxe5 16. Be3 Bd7 17. Bc5 Re8 18. d6 Bc6 19. Nd5 Bxd5 20. Qxd5 Qd7 21. Rfd1 Rac8 22. Rac1 Rc6 23. Ba3 Rec8 24. Rxc6 Rxc6 25. h4 h6 26. h5 gxh5 27. Qf3 h4 28. Qh3 Qd8 29. d7 Bf6 30. Qg4+ Kh8 31. Bd6 Qg8 32. Qf5 Kg7 33. Bxe5 Qd8 34. Qg4+ Kf8 35. Bd6+ Be7 36. Qxh4 Rxd6 37. Qg4 Rxd1+ 38. Qxd1 Qb6 39. Qc1 Bd8 40. Qc3 Ke7 41. Qd2 Qd6 42. Qc2 Kxd7 43. Qb3 b5 44. Qxf7+ Kc6 45. g3 Bc7 46. Qe8+ Kb7 47. a4 Qc6 48. Qe1 bxa4 49. Kh2 Qc5 50. Qe4+ Qc6 51. Qe1 Qb5 52. Qe4+ Kb8 53. Qd4 Be5 54. Qd8+ Kb7 55. Qe7+ Bc7 56. Qe4+ Qc6 57. Qb4+ Kc8 58. f4 h5 59. Qd4 Kb7 60. Qb4+ Bb6 61. Qe7+ Qc7 62. Qe4+ Ka7 63. Kh3 Qd7+ 64. f5 Qg7 65. Qc2 Qg4+ 66. Kh2 h4 67. gxh4 Qxh4+ 68. Kg2 Qg4+ 69. Kh2 Qf4+ 70. Kg2 Qg5+ 71. Kf3 Qe3+ 72. Kg4 Qd4+ 73. Kh5 Bd8 74. Kg6 Qf6+ 75. Kh7 Qf7+ 76. Kh6 Qf6+ 77. Kh7 Kb7 78. Kg8 Kb6 79. Qf2+ Kb5 80. Qc2 Kb4 81. Kh7 Kb5 82. Kg8 a5 83. Qd3+ Kb4 84. Qa3+ Kb5 85. Qd3+ Kc6 86. Qa6+ Kd5 87. Qb5+ Ke4 88. Qxa4+ Kxf5 89. Qc2+ Ke5 90. b4 Qg6+ 91. Qxg6 axb4 92. Qb1 Be7 93. Qb3 Bc5 94. Kf7 Kd4 95. Ke8 Ke5 96. Kd7 Bd4 97. Kc6 Bc3 98. Kb6 Kd4 99. Kb5 Ke5 100. Qc4 Kd6 101. Ka4 Kd7 102. Kb3 Kd6 103. Kc2 Ke5 104. Kd3 Kd6 105. Ke4 Kd7 106. Qa6 Kc7 107. Kd5 Kd7 108. Qb7+ Ke8 109. Ke6 1-0


[Site "https://www.chess.com"]

[Event "Titled Tuesday Blitz December 13 Early 2022"]
[White "Vargas, Mauricio"]
[Black "Ramu, K."]
[WhiteFideId "4404572"]
[BlackFideId "5006171"]
[WhiteElo "2025"]
[BlackElo "2143"]
[Result "0-1"]
[Round "08"]
[TimeControl "180+1"]
[Date "2022.12.14"]
[WhiteClock "0:00:56"]
[BlackClock "0:00:47"]

1. e4 c5 2. Nc3 d6 3. f4 g6 4. Nf3 Bg7 5. Bb5+ Nc6 6. O-O Bd7 7. d3 e6 8. Qe1 Nge7 9. Ne2 a6 10. Ba4 b5 11. Bb3 Na5 12. c3 Nxb3 13. axb3 O-O 14. Qh4 f5 15. Ng5 h6 16. Nf3 Bc6 17. Qg3 fxe4 18. dxe4 Bxe4 19. Nh4 Qe8 20. Be3 Nf5 21. Qf2 Nxh4 22. Qxh4 h5 23. Ng3 Bf5 24. Nxf5 exf5 25. Rae1 Qf7 26. Bf2 Rfe8 27. Qh3 Qxb3 28. Qg3 Qf7 29. Qf3 a5 30. Bh4 b4 31. Re3 Rxe3 32. Qxe3 Re8 33. Qd3 d5 34. Ra1 c4 35. h3 cxd3 36. Rxa5 bxc3 37. bxc3 Bxc3 38. Rc5 Bd4+ 39. Bf2 Bxc5 40. Bxc5 Re2 0-1


[Site "https://www.chess.com"]

[Event "Titled Tuesday Blitz December 13 Early 2022"]
[White "Vidit, Santosh Gujrathi"]
[Black "Kazakouski, Valery"]
[WhiteFideId "5029465"]
[BlackFideId "13507443"]
[WhiteElo "2669"]
[BlackElo "2516"]
[Result "1-0"]
[Round "08"]
[TimeControl "180+1"]
[Date "2022.12.13"]
[WhiteClock "0:00:03"]
[BlackClock "0:00:01"]

1. Nf3 d5 2. e3 Nf6 3. c4 e6 4. Nc3 a6 5. b3 b6 6. Bb2 Bb7 7. cxd5 exd5 8. d4 Nbd7 9. g3 Bd6 10. Bg2 Qe7 11. O-O O-O 12. Ne1 Ne4 13. Nd3 f5 14. Rc1 Rae8 15. Ne2 a5 16. h4 Ba6 17. Nef4 Qf7 18. Re1 g6 19. Qc2 Bb7 20. Ne5 Qg7 21. Red1 Ndf6 22. a3 Ng4 23. Bxe4 dxe4 24. Qc4+ Rf7 25. Nxf7 Qxf7 26. Qxf7+ Kxf7 27. d5 Nf6 28. b4 axb4 29. axb4 Bxf4 30. gxf4 Nxd5 31. Be5 Re7 32. b5 h6 33. Ra1 Ke6 34. Ra7 Bc8 35. Ra8 Bd7 36. Rg8 Be8 37. Rb1 Kf7 38. Rh8 h5 39. Kh2 Ke6 40. Kg3 Kf7 41. f3 exf3 42. Kxf3 Ke6 43. Rg8 Kf7 44. Rg7+ Ke6 45. Rxe7+ Kxe7 46. e4 fxe4+ 47. Kxe4 Ke6 48. Rg1 Bf7 49. Rc1 Be8 50. Bxc7 Bxb5 51. Be5 Nf6+ 52. Kd4 Ng4 53. Rb1 Be8 54. Rxb6+ Kf5 55. Rb8 Bf7 56. Rf8 Ke6 57. Ke4 Nh6 58. Rb8 Nf5 59. Rb6+ Ke7 60. Bf6+ Kd7 61. Ke5 Bc4 62. Rb7+ Ke8 63. Rb8+ Kd7 64. Bg5 Bf7 65. Kf6 Be8 66. Rb7+ Kd6 67. Rb8 Kd7 68. Ra8 Nd6 69. Ra7+ Kd8 70. Ke5+ 1-0


[Site "https://www.chess.com"]

[Event "Titled Tuesday Blitz December 13 Early 2022"]
[White "Vifleemskaia, Svetlana"]
[Black "Larina, Maria"]
[WhiteFideId "4129490"]
[BlackFideId "24113182"]
[WhiteElo "1930"]
[BlackElo "1848"]
[Result "1/2-1/2"]
[Round "08"]
[TimeControl "180+1"]
[Date "2022.12.14"]
[WhiteClock "0:00:08"]
[BlackClock "0:00:06"]

1. d4 f5 2. Nf3 Nf6 3. e3 g6 4. c4 Bg7 5. b4 a5 6. b5 c6 7. a4 O-O 8. Bb2 d6 9. Qb3 Kh8 10. Bd3 Ne4 11. Nbd2 Nxd2 12. Nxd2 e5 13. dxe5 dxe5 14. e4 Qg5 15. g3 f4 16. O-O-O fxg3 17. fxg3 Bg4 18. Rdf1 Nd7 19. Ba3 Bh6 20. Qc2 c5 21. h3 Be6 22. Bb2 Qxg3 23. h4 Rf2 24. Rxf2 Qxf2 25. h5 g5 26. Rf1 Qe3 27. Bc3 g4 28. Kb2 Rd8 29. Nb1 Bf4 30. Qe2 Qxe2+ 31. Bxe2 Kg8 32. Rg1 g3 33. Be1 Kf7 34. Bxg3 Rg8 35. Bf2 Rxg1 36. Bxg1 Nb6 37. Bxc5 Nxa4+ 38. Kc2 Nxc5 39. Nd2 Bxd2 40. Kxd2 a4 41. Kc3 Nxe4+ 42. Kb4 a3 43. Kxa3 Nd2 44. Kb4 e4 45. c5 e3 46. c6 bxc6 47. b6 Bc8 48. Kc5 Ne4+ 49. Kxc6 Nc3 50. Kc7 Nxe2 51. Kxc8 Nd4 52. b7 Nc6 53. Kc7 e2 54. Kxc6 e1=Q 55. b8=Q Qe4+ 56. Kc5 Qf5+ 57. Kd4 Qg4+ 58. Ke3 Qg5+ 59. Qf4+ Qxf4+ 60. Kxf4 Kf6 61. Kg4 h6 62. Kf4 Kg7 63. Kf5 Kh7 64. Kf6 Kh8 65. Kg6 Kg8 66. Kxh6 Kh8 67. Kg6 Kg8 68. h6 Kh8 69. h7 1/2-1/2


[Site "https://www.chess.com"]

[Event "Titled Tuesday Blitz December 13 Early 2022"]
[White "Vlassov, Nikolai"]
[Black "Putnam, Liam"]
[WhiteFideId "4103360"]
[BlackFideId "30938279"]
[WhiteElo "2324"]
[BlackElo "2082"]
[Result "0-1"]
[Round "08"]
[TimeControl "180+1"]
[Date "2022.12.14"]
[WhiteClock "0:00:01"]
[BlackClock "0:00:01"]

1. e4 e6 2. c4 d5 3. cxd5 exd5 4. Qb3 Nc6 5. exd5 Nd4 6. Qe3+ Qe7 7. Bd3 Nf6 8. Nc3 Bf5 9. Kd1 Qxe3 10. dxe3 Bxd3 11. exd4 O-O-O 12. Nf3 Nxd5 13. Ne5 Bg6 14. Nxg6 hxg6 15. Be3 Rh5 16. Nxd5 Rhxd5 17. Ke2 Be7 18. Rad1 Bf6 19. h4 Bxd4 20. Bxd4 Rxd4 21. Rxd4 Rxd4 22. h5 gxh5 23. Rxh5 Rb4 24. b3 Re4+ 25. Kd3 Re6 26. Rh8+ Kd7 27. Rg8 g6 28. Rf8 Ke7 29. Ra8 a6 30. Ra7 Rb6 31. Kc4 Rb5 32. a4 Rb6 33. b4 Kd7 34. b5 axb5+ 35. axb5 Rf6 36. f3 b6 37. Ra8 Rf4+ 38. Kd5 Rf5+ 39. Kc4 Rc5+ 40. Kb4 Re5 41. Rf8 Ke7 42. Rc8 Kd7 43. Rf8 Rf5 44. Kc4 g5 45. Rg8 Rc5+ 46. Kb4 Ke6 47. Re8+ Kf6 48. Re4 Rc2 49. g4 Rc5 50. f4 gxf4 51. Rxf4+ Kg6 52. Rd4 f6 53. Rd8 Kg5 54. Rg8+ Kf4 55. Rg7 Ke5 56. Rg6 Ke6 57. Rg7 Kd5 58. g5 f5 59. g6 Rc4+ 60. Kb3 Rg4 61. Rxc7 Rxg6 62. Rf7 Rg5 63. Kb4 Rg4+ 64. Kb3 Rf4 65. Rc7 Rf1 66. Rc6 f4 67. Rxb6 f3 68. Rf6 f2 69. Kb2 Kc5 70. b6 Rd1 0-1


[Site "https://www.chess.com"]

[Event "Titled Tuesday Blitz December 13 Early 2022"]
[White "Wagner, Dennis"]
[Black "Tsatsalashvili, Keti"]
[WhiteFideId "24650684"]
[BlackFideId "13603434"]
[WhiteElo "2470"]
[BlackElo "2220"]
[Result "1-0"]
[Round "08"]
[TimeControl "180+1"]
[Date "2022.12.14"]
[WhiteClock "0:01:48"]
[BlackClock "0:02:00"]

1. d4 Nf6 2. c4 e6 3. Nf3 d5 4. Nc3 Bb4 5. cxd5 exd5 6. Bg5 h6 7. Bh4 g5 8. Bg3 Ne4 9. Nd2 Nxc3 10. bxc3 Bxc3 11. Rc1 Bxd2+ 12. Qxd2 c6 13. h4 g4 14. h5 Be6 15. e3 Nd7 16. Be2 a5 17. Bh4 Qb6 18. O-O Qb4 19. Qd1 Rg8 20. Rb1 Qd6 21. Rxb7 Rb8 22. Bg3 1-0


[Site "https://www.chess.com"]